 Dungeon Crawl Stone Soup version 0.30.1 (webtiles) character file.

Game seed: 15483216190412791338

93 oldmanjim the Ruffian (level 4, -2/44 HPs)
             Began as a Troll Warper on July 4, 2023.
             Was a Priest of Uskayaw.
             Slain by a scorpion (5 damage)
             ... on level 3 of the Dungeon.
             The game lasted 00:05:05 (1382 turns).

oldmanjim the Ruffian (Troll Warper)                Turns: 1382, Time: 00:05:05

Health: -2/44      AC:  4    Str: 19    XL:     4   Next: 37%
Magic:  4/4        EV:  9    Int: 11    God:    Uskayaw [***...]
Gold:   124        SH:  0    Dex:  9    Spells: 5/5 levels left

rFire   . .          .
                       - Unarmed
rCold   . . .        (no shield)
rNeg    . . .        a - +0 robe
rPois   .            (helmet restricted)
rElec   .            (no cloak)
rCorr   .            (gloves unavailable)
SInv    .            (boots unavailable)
Will    .....        (no amulet)
Stlth   +            (no ring)
HPRegen 1.07/turn    (no ring)
MPRegen 0.09/turn

%: no passive effects
@: no status effects
A: large, unfitting armour, claws 3, regeneration 1, shaggy fur 1, tough skin 1
a: Renounce Religion, Stomp, Line Pass


You were on level 3 of the Dungeon.
You worshipped Uskayaw.
Uskayaw was noncommittal.
You visited 1 branch of the dungeon, and saw 3 of its levels.

You collected 124 gold pieces.

Inventory:

Missiles
 c - 7 boomerangs of dispersal (quivered)
 h - 30 stones
Armour
 a - a +0 robe (worn)
Scrolls
 b - 2 scrolls of blinking
 e - a scroll of teleportation
Potions
 f - 2 potions of brilliance
 g - a potion of cancellation {unknown}
 j - a potion of mutation {unknown}
 k - a potion of berserk rage {unknown}


   Skills:
 + Level 2.9 Fighting
 - Level 0.8 Throwing
 - Level 1.9 Dodging
 + Level 3.5 Unarmed Combat
 - Level 1.2 Spellcasting
 - Level 2.1 Translocations


You had 5 spell levels left.
You didn't know any spells.
Your spell library contained the following spells:

 Spells                   Type           Power      Damage    Failure   Level
 Blink                    Tloc           10%        N/A       19%         2
 Lesser Beckoning         Tloc           10%        N/A       19%         2
 Sandblast                Erth           0%         2d4       32%         1
 Gell's Gravitas          Tloc           5%         N/A       36%         3
 Teleport Other           Tloc           5%         N/A       36%         3
 Passwall                 Tmut/Erth      0%         N/A       43%         2
 Vhi's Electric Charge    Tloc/Air       6%         N/A       52%         3
 Stone Arrow              Conj/Erth      0%         3d7       67%         3
 Manifold Assault         Tloc           5%         N/A       77%         4
 Dispersal                Tloc           2%         N/A       100%        6


Dungeon Overview and Level Annotations

Branches:
Dungeon (3/15)

Altars:
Uskayaw


Innate Abilities, Weirdness & Mutations

You are too large for most types of armour.
You have claws for hands.
Your natural rate of healing is unusually fast.
You are covered in fur. (AC +1)
You have tough skin. (AC +1)


Message History

The orc priest is heavily wounded.
The orc priest barely misses you. The orc hits you with a +0 flail.
The orc hits you with a +0 short sword.
You barely miss the orc priest.
The orc priest is heavily wounded.
The orc hits you with a +0 flail! The orc priest hits you with a +0 mace.
The orc completely misses you.
You are too injured to fight recklessly!
You are too injured to fight recklessly!
You are too injured to fight recklessly!
Unknown command.
You scratch the orc but do no damage. The orc hits you with a +0 flail!
* * * LOW HITPOINT WARNING * * *
The orc hits you but does no damage.
The orc priest mumbles some strange prayers to Beogh against you.
You barely resist. You barely miss the orc priest.
The orc priest is heavily wounded.
The orc hits you with a +0 flail.
* * * LOW HITPOINT WARNING * * *
The orc hits you with a +0 short sword.
* * * LOW HITPOINT WARNING * * *
The orc priest closely misses you.
You claw the orc priest!
You kill the orc priest!
The orc barely misses you. The orc hits you with a +0 short sword.
* * * LOW HITPOINT WARNING * * *
Uskayaw will force your foes to helplessly watch your dance.
Uskayaw prepares the audience for your solo!
You have reached level 4!
The helpless scorpion fails to defend itself.
You claw the scorpion!
The scorpion is heavily wounded.
The scorpion is no longer paralysed.
The orc is no longer paralysed. x2
The hobgoblin is no longer paralysed.
The scorpion stings you.
* * * LOW HITPOINT WARNING * * *
The orc barely misses you. The orc closely misses you.
The hobgoblin hits you but does no damage.
The scorpion stings you.
You die...

############.#
#............#
#.##########.#### #.#
#.......
#.########.#.####
#..........#.#
#.....######.#
#####.....######.####
#..o@†..........)....
......gos..........>####
..##.#..........<.......
# #.########......... #.
....#...### #.
......#...# #.
#.####..#...# .. #
#..#...# #..#...#


You could see a scorpion, 2 orcs and a hobgoblin.

Vanquished Creatures
  An orc priest (D:3)
  Jessica (D:2)
  A worm (D:2)
  An orc (D:3)
  3 ball pythons (D:1)
  5 endoplasms
  A giant cockroach (D:1)
  A goblin (D:2)
  A hobgoblin (D:1)
  4 jackals (D:2)
  3 kobolds
  7 bats
  2 frilled lizards (D:2)
  A rat (D:2)
32 creatures vanquished.

Notes
Turn   | Place    | Note
-------+----------+-------------------------------------------
     0 | D:1      | oldmanjim the Troll Warper began the quest for the Orb.
     0 | D:1      | Reached XP level 1. HP: 19/19 MP: 1/1
   264 | D:1      | Reached XP level 2. HP: 28/28 MP: 2/2
   788 | D:2      | Noticed Jessica
   795 | D:2      | Killed Jessica
   796 | D:2      | Reached skill level 3 in Unarmed Combat
   796 | D:2      | Reached XP level 3. HP: 29/36 MP: 3/3
   860 | D:2      | Found a faded altar of an unknown god.
   864 | D:2      | Prayed at the altar of an unknown god.
   864 | D:2      | Became a worshipper of Uskayaw the Reveller
   864 | D:2      | Reached * piety under Uskayaw
  1374 | D:3      | Noticed a scorpion
  1376 | D:3      | Reached ** piety under Uskayaw
  1381 | D:3      | Reached *** piety under Uskayaw
  1382 | D:3      | Reached XP level 4. HP: 4/44 MP: 4/4
  1382 | D:3      | Slain by a scorpion

Illustrated notes

Levels and vault maps discovered:
D:1:      nzn_arrival_settlement, layout_loops_ring, amcnicky_mini_pool_small
D:2:      layout_loops_cross, hellmonk_ecumenical_altar_heavens_door,
          uniq_jessica
D:3:      layout_basic, kennysheep_flooded_box

Skill      XL: |  1  2 |
---------------+-------+-----
Fighting       | 2 |  2.9
Unarmed Combat | 3 |  3.5
Throwing       | |  0.8
Dodging        | |  1.9
Spellcasting   | |  1.2
Translocations | |  2.1

Action                     |  1- 3 |  4- 6 || total
---------------------------+-------+-------++-------
  Melee: Unarmed           |    87 |     1 ||    88
         Punch             |     2 |       ||     2
    Use: Scroll            |     6 |       ||     6
   Stab: Sleeping          |     2 |       ||     2
         Paralysed         |       |     1 ||     1
 Armour: Robe              |    47 |     1 ||    48
  Dodge: Dodged            |    41 |     2 ||    43
